 Dungeon Crawl Stone Soup version 0.17-a0-477-g451446c (webtiles) character file.

693718 McCoppin the Grand Master (level 27, 0/435 HPs)
             Began as a Troll Monk on Apr 4, 2015.
             Was the Champion of Jiyva.
             Succumbed to poison (poison gas)
             ... on level 5 of the Realm of Zot on Apr 8, 2015.
             The game lasted 10:14:53 (71401 turns).

McCoppin the Grand Master (Troll Monk)             Turns: 71401, Time: 10:14:53

Health: 0/435      AC: 37    Str: 21      XL:     27
Magic:  22/22      EV:  1    Int: 11 (14) God:    Jiyva [******]
Gold:   3115       SH: 29    Dex: 24      Spells: 3 memorised, 18 levels left

rFire  + + +     SeeInvis +       - Unarmed
rCold  + + .     Clarity  +     (armour currently unavailable)
rNeg   + + +     SustAb   .     E - +8 large shield of the End {Str+3 Int+2}
rPois  +         Gourm    +     (helmet currently unavailable)
rElec  +         Spirit   .     (cloak currently unavailable)
rCorr  +         Warding  +     (gloves unavailable)
rMut   .         NoTele   +     (boots unavailable)
MR     ++...                    P - brooch of Shielding {Ward rN+ AC+4 EV+4}
Stlth  ++++......               C - ring "Tus Woepiy" {+Fly rElec rC+ Int-2 Stlth+}
                                t - ring of the Enemy {rF++ Slay+3 SInv} (curse)

@: lethally poisoned (0 -> -9), exhausted, tree-form, resistant, slowed, very
slow, very resistant to hostile enchantments, stealthy
A: unfitting armour, (antennae 0), (claws 0), (talons 0), (icy blue scales 0),
rugged brown scales 1, clarity, clever 1, (cold resistance 0), fast metabolism
3, gourmand, regeneration 2, (shaggy fur 0), (electricity resistance), (tough
skin 0), wild magic 2, (acidic bite), (eyeballs 0), (pseudopods 0)
a: Request Jelly, Jelly Paralyse, Slimify, Cure Bad Mutation, Renounce Religion
}: 5/15 runes: serpentine, barnacled, slimy, silver, abyssal


You were on level 5 of the Realm of Zot.
You worshipped Jiyva.
Jiyva was exalted by your worship.
You were full.
You were a tree.
You visited 14 branches of the dungeon, and saw 67 of its levels.
You visited the Abyss 2 times.
You visited 1 ziggurat, and saw 9 of its levels.
You also visited: Labyrinth and Wizlab.

You collected 6354 gold pieces.
You spent 3239 gold pieces at shops.

Inventory:

Missiles
 U - 49 stones (quivered)
Armour
 j - the +2 hat of the Bear Spirit (melded) {Spirit, +Rage rN+ MR++}
   (You acquired it on level 1 of the Depths)

   It protects you from negative energy.
   It affects your resistance to hostile enchantments.
   It lets you go berserk.
 k - a +5 fire dragon armour (melded)
 s - a +2 cloak of magic resistance (melded)
 E - the +8 large shield of the End (worn) {Str+3 Int+2}
   (You acquired it on level 2 of the Shoals)

   It affects your strength (+3).
   It affects your intelligence (+2).
Jewellery
 c - the ring of Viuxiff {rN+++ MP+9 Str-2 SInv Stlth+}
   (You took it off a minotaur in a labyrinth)

   [ring of stealth]

   It affects your strength (-2).
   It renders you almost immune to negative energy.
   It affects your magic capacity (+9).
   It enhances your eyesight.
   It makes you more stealthy.
 p - an uncursed ring of protection from cold
 t - the cursed ring of the Enemy (left branch) {rF++ Slay+3 SInv}
   (You found it on level 5 of a ziggurat)

   [ring of see invisible]

   It affects your accuracy and damage with ranged weapons and melee attacks
   (+3).
   It greatly protects you from fire.
   It enhances your eyesight.
   It has a curse placed upon it.
 w - the amulet "Wadybloj" {rMut +Inv Dex+3 SInv}
   (You found it on level 6 of the Pits of Slime)

   [amulet of resist mutation]

   It protects you from mutation.
   It affects your dexterity (+3).
   It enhances your eyesight.
   It lets you turn invisible.
 C - the ring "Tus Woepiy" (right branch) {+Fly rElec rC+ Int-2 Stlth+}
   (You bought it in a shop on level 4 of the Orcish Mines)

   [ring of protection from cold]

   It affects your intelligence (-2).
   It protects you from cold.
   It insulates you from electricity.
   It lets you fly.
   It makes you more stealthy.
 P - the brooch of Shielding (around neck) {Ward rN+ AC+4 EV+4}
   (You found it in a labyrinth)

   [amulet of warding]

   It may prevent the melee attacks of summoned creatures.
   It affects your AC (+4).
   It affects your evasion (+4).
   It protects you from negative energy.
Magical devices
 H - a wand of digging (3)
 R - a wand of invisibility (2)
 W - a wand of disintegration (2)
 X - a wand of teleportation (2)
Scrolls
 h - 24 scrolls of remove curse
 i - a scroll of noise
 r - a scroll of fear
 v - 3 scrolls of enchant armour
 x - 12 scrolls of teleportation
 y - 4 scrolls of enchant weapon
 B - 3 scrolls of torment
 D - 5 scrolls of recharging
 I - 6 scrolls of fog
 O - 6 scrolls of identify
 S - a scroll of holy word
 T - a scroll of magic mapping
Potions
 e - a potion of resistance
 g - 3 potions of might
 n - 3 potions of flight
 o - 3 potions of magic
 A - 9 potions of restore abilities
 F - a potion of invisibility
 J - a potion of cancellation
 M - a potion of agility
 N - 4 potions of lignification
Miscellaneous
 q - a phial of floods
 Y - a lamp of fire
Comestibles
 b - 18 bread rations
 f - 18 fruits
 Q - a slice of pizza


   Skills:
 * Level 17.9 Fighting
 - Level 6.0 Throwing
 + Level 17.3 Armour
 + Level 18.8 Dodging
 - Level 1.1 Stealth
 - Level 15.6 Shields
 O Level 27 Unarmed Combat
 - Level 5.2 Translocations


You had 18 spell levels left.
You knew the following spells:

 Your Spells              Type           Power        Failure   Level  Hunger
a - Apportation           Tloc           ###.......   21%         1    ##.....
b - Control Teleport      Chrm/Tloc      ##........   99%         4    #####..
c - Regeneration          Chrm/Necr      #.........   98%         3    ####...


Dungeon Overview and Level Annotations

Branches:
Dungeon (15/15)            Temple (1/1) D:4            Lair (8/8) D:9
 Shoals (5/5) Lair:5        Snake (5/5) Lair:3        Slime (6/6) Lair:7
    Orc (4/4) D:11            Elf (3/3) Orc:3        Vaults (5/5) D:13
  Crypt (3/3) Vaults:2       Tomb (0/3) Crypt:3      Depths (5/5) D:15
   Hell (1/1)                 Dis (0/7) Hell            Geh (0/7) Hell
    Coc (0/7) Hell            Tar (1/7) Hell            Zot (5/5) Depths:5

Altars:
Ashenzari
Cheibriados
Dithmenos
Elyvilon
Fedhas
Gozag
Kikubaaqudgha
Makhleb
Nemelex Xobeh
Qazlal
Ru
Sif Muna
Trog
Vehumet
Xom
Yredelemnul
Zin
The Shining One
Beogh
Jiyva
Lugonu

Shops:
D:9 (   Orc:1 }   Orc:3 (   Orc:4 [[:=   Shoals:2 }?!   Snake:5 ?   Vaults:5 %
Depths:3 }

Portals:
Hell: Depths:1 Depths:2 Depths:3 Depths:4 Depths:5
Abyss: Depths:2 Depths:4
Pandemonium: Depths:3 Depths:4

Annotations:
D:9 exclusion: 3 upstairs
Lair:7 1 exclusion
Shoals:5 Ilsuiw
Slime:6 Royal Jelly
Vaults:5 hyperkellhus's ghost, great SpGl
Zot:2 exclusion: 2 upstairs


Innate Abilities, Weirdness & Mutations

You are too large for most types of armour.
((You have claws for hands.))
Your metabolism is lightning-fast.
You like to eat raw meat.
You heal very quickly.
((You are covered in fur (AC +1).))
((You have very tough skin (AC +2).))
((You have a pair of small antennae on your head.))
((You have sharp toenails.))
((You are mostly covered in icy blue scales (AC +3, EV -1).))
(You are partially covered in rugged brown scales (AC +1, +3% HP).)
You possess an exceptional clarity of mind.
Your mind is acute. (Int +2)
((Your flesh is cold resistant.))
((You are resistant to electric shocks.))
Your spells are harder to cast, but more powerful.
((You have acidic saliva.))
((Your body is mostly covered in golden eyeballs (Acc +5).))
((Armour fits poorly on your pseudopods.))


Message History

Put on which piece of jewellery? (? for menu, Esc to quit)
Okay, then.
* * * LOW HITPOINT WARNING * * *
You feel extremely sick.
* * * LOW HITPOINT WARNING * * *
You feel extremely sick.
Drink which item? (? for menu, Esc to quit)
You feel protected.
* * * LOW HITPOINT WARNING * * *
You feel extremely sick.
* * * LOW HITPOINT WARNING * * *
You feel very sick.
* * * LOW HITPOINT WARNING * * *
You feel very sick.
* * * LOW HITPOINT WARNING * * *
You feel very sick.
You hear a distant "Zot"!
* * * LOW HITPOINT WARNING * * *
You feel very sick.
You die...

#...............J...J...<........
#.......J.......##..####.##.##.##
##..##.(........##..##...##.##.##
#####...........#........#....#.
#..........................+.
######'##.##J########.#########
##.####.##.##.########.#########
#.....'.....#....#.............8
#.....#........♣.'.....#....<...
#..#.#####.#################'##.
####.#####.#################.##.
#...............#.......J.8.#.
#..))...........#.....#.....'.
#...)?................#.....#.
####)####.#############.###.####
#..#.####.#############.###.####
#.........+......'..............


You could see a neutral jelly (fellow slime).

Vanquished Creatures
  4 orbs of fire
  2 ancient liches
  Mara (Vaults:4)
  A greater mummy (Zig:5)
  Sojobo (Depths:4)
  Margery (Depths:4)
  A Killer Klown (Zig:2)
  2 curse toes
  Geryon (Hell)
  11 golden dragons
  6 bone dragons
  the Enchantress (Depths:2)
  Xtahua (Vaults:2)
  A Hellbinder (WizLab)
  4 liches
  Jorgrun (Depths:1)
  Rupert (D:14)
  8 Orb Guardians (Zot:5)
  16 tentacled monstrosities
  Asterion (Elf:1)
  3 Shadow Fiends (Tar:1)
  2 deep elf master archers (Elf:3)
  4 deep elf blademasters
  4 tentacled starspawn
  5 titans
  A quicksilver dragon (Vaults:5)
  2 Executioners
  2 sphinxes
  2 shadow dragons
  9 ancient champions
  Kirke (Lair:6)
  9 tengu reavers
  A draconian monk (Zot:1)
  9 storm dragons
  7 greater nagas
  Roxanne (Elf:2)
  14 fire giants
  Wiglaf (Vaults:1)
  22 frost giants
  2 orc warlords (Depths:1)
  5 draconian knights
  2 ghost moths
  11 deep elf sorcerers (Elf:3)
  3 balrugs
  Maud (Lair:6)
  3 curse skulls
  A caustic shrike zombie (Hell)
  A draconian scorcher (Zot:4)
  6 draconian zealots
  2 cacodemons
  4 draconian shifters
  11 vault wardens
  6 spriggan defenders
  9 ghouls
  15 ironheart preservers
  13 reapers
  15 very ugly things
  3 draconian annihilators
  3 war gargoyles
  4 draconian callers
  A caustic shrike skeleton (Depths:4)
  16 stone giants
  A bennu (Zig:9)
  4 rakshasas (Depths:2)
  2 salamander firebrands (Hell)
  8 deep elf demonologists
  10 black draconians
  9 green draconians
  5 vampire knights
  2 lorocyprocas
  6 red draconians
  Azrael (D:12)
  6 white draconians
  13 deep elf annihilators
  10 purple draconians
  9 ettins
  The ghost of krae the Severer, a powerful DDBe of Trog (Orc:3)
  9 yellow draconians
  An eidolon (Crypt:3)
  8 mottled draconians
  13 jiangshi
  Snorg (Orc:3)
  2 merfolk javelineers
  28 vault guards
  5 blizzard demons
  9 deep elf death magi
  2 mummy priests
  7 merfolk impalers
  6 deep elf high priests (Elf:3)
  A very ugly thing skeleton (Depths:1)
  8 fire dragons
  A quicksilver dragon zombie (Depths:4)
  17 yaktaur captains
  A great orb of eyes (shapeshifter) (Vaults:5)
  11 death cobs
  12 ice dragons
  19 naga warriors
  A hydra (D:13)
  12 anacondas
  A quicksilver dragon skeleton (Crypt:2)
  6 spriggan air magi
  A monstrous demonspawn (Depths:4)
  2 catoblepae
  7 merfolk aquamancers
  2 ghost crabs (Tar:1)
  3 merfolk avatars
  13 dancing weapons (Elf:2)
  10 centaur warriors
  3 salamander stormcallers (Vaults:5)
  A satyr (Shoals:4)
  3 tengu warriors
  The ghost of krae the Severer, an experienced DDBe of Trog (Orc:4)
  4 deep troll earth magi
  7 hell beasts
  6 vampire magi
  A hell hog (Hell)
  28 death yaks
  3 orc high priests
  10 deep troll shamans
  A titan zombie (Depths:4)
  18 ogre magi
  A spectral dire elephant (Tar:1)
  14 naga sharpshooters
  2 storm dragon zombies
  4 thrashing horrors
  A spectral storm dragon (Tar:1)
  8 spriggan berserkers
  10 sun demons
  6 hell knights (Depths:4)
  5 shock serpents
  Nergalle (Orc:1)
  12 soul eaters
  53 spriggans
  2 wretched stars
  7 shadow wraiths
  A ghost moth zombie (Crypt:1)
  A fire crab (D:14)
  22 skeletal warriors
  4 spatial maelstroms
  10 deep elf knights
  5 flayed ghosts
  6 iron trolls
  7 ice devils
  2 salamander mystics (Snake:5)
  15 deep elf summoners
  2 death drakes (shapeshifter) (Depths:1)
  3 golden dragon zombies
  4 unseen horrors
  7 shadow demons (Tar:1)
  14 orc knights
  8 naga ritualists
  A spectral anaconda (Tar:1)
  25 deep trolls
  A deep troll (shapeshifter) (Vaults:3)
  An anaconda skeleton (Tar:1)
  An obsidian statue (Depths:1)
  An oklob plant (Lair:2)
  11 sea snakes
  27 harpies
  3 shadow dragon zombies
  A kraken simulacrum (Hell)
  5 wizards (Depths:3)
  9 necromancers
  A sphinx zombie (Depths:4)
  16 ironbrand convokers
  A shadow dragon skeleton (Crypt:3)
  6 phantasmal warriors
  15 deep elf conjurers
  2 torpor snails
  2 iron dragon zombies
  A tengu skeleton (Depths:4)
  7 hill giants
  2 golden dragon skeletons
  11 manticores
  14 mana vipers
  2 fire giant zombies
  16 fauns
  7 wolf spiders
  6 orc sorcerers
  16 salamanders
  The ghost of Somebody the Gouger, an experienced FeWn of Cheibriados (Lair:1)
  4 frost giant zombies
  10 smoke demons
  A water nymph (Shoals:5)
  49 black mambas
  12 cyclopes
  57 ugly things
  A black mamba (shapeshifter) (Vaults:3)
  5 worldbinders
  9 griffons
  A guardian serpent (shapeshifter) (Vaults:3)
  A moth of wrath (shapeshifter) (Vaults:1)
  19 moths of wrath
  3 stone giant skeletons
  6 sixfirhies
  4 guardian serpents
  3 apocalypse crabs
  6 sirens
  10 elephants
  5 komodo dragons
  3 rust devils
  A drowned soul (Shoals:4)
  3 frost giant skeletons
  21 naga magi
  6 orange demons
  A molten gargoyle (Hell)
  2 centaur skeletons
  9 hellions
  A green draconian zombie (Zot:3)
  12 vault sentinels
  A yellow draconian zombie (Zot:3)
  A dire elephant skeleton (Crypt:1)
  A death yak zombie (Crypt:3)
  A mottled draconian zombie (Crypt:3)
  2 yaktaur zombies
  2 efreet
  9 spiny frogs
  51 yaktaurs
  3 demonic crawlers
  A red draconian skeleton (Crypt:3)
  A jumping spider (shapeshifter) (Vaults:4)
  A silent spectre (Tar:1)
  2 tengu conjurers
  6 kobold demonologists
  3 ancient zymes
  2 fire drakes
  A komodo dragon (shapeshifter) (Vaults:4)
  2 catoblepas skeletons
  10 freezing wraiths
  A death yak skeleton (Crypt:2)
  10 deep elf priests
  9 spriggan druids
  15 trolls
  An entropy weaver zombie (Hell)
  2 hydra zombies (Hell)
  26 merfolk
  2 jumping spiders
  A golden dragon simulacrum (Zig:9)
  11 red devils
  A fire vortex (Vaults:5)
  12 blue devils
  3 guardian mummies
  A troll (shapeshifter) (Vaults:3)
  A spectral hornet (Tar:1)
  An iron troll skeleton (Crypt:1)
  8 polar bears
  3 elf zombies (Vaults:3)
  2 hydra skeletons (Hell)
  4 snapping turtles
  2 ushabtiu
  A blink frog (shapeshifter) (Vaults:1)
  Prince Ribbit (D:8)
  6 small abominations
  A wind drake (shapeshifter) (Vaults:4)
  24 blink frogs
  2 wolf spider simulacra
  2 bog bodies (Crypt:3)
  A raven (shapeshifter) (Depths:1)
  44 two-headed ogres
  A slime creature (shapeshifter) (Zig:2)
  16 shadows
  A fire dragon zombie (Crypt:1)
  5 boulder beetles
  2 ice dragon zombies
  A tarantella zombie (Crypt:1)
  5 raiju
  An alligator zombie (Crypt:3)
  A spriggan zombie (Hell)
  2 fire giant simulacra
  2 wind drakes
  2 ettin zombies (Hell)
  13 ravens
  2 ice dragon skeletons
  29 starcursed masses
  2 wyverns
  15 redbacks
  4 ynoxinuls
  2 air elementals (Depths:3)
  A trapdoor spider (D:14)
  24 deep elf magi
  17 flying skulls
  9 wraiths
  2 trapdoor spiders (shapeshifter)
  An ettin skeleton (D:15)
  8 fire elementals
  4 neqoxecs
  7 vampires
  11 water elementals
  A fire dragon skeleton (Tar:1)
  4 tarantellas
  3 hogs (Lair:6)
  14 hippogriffs
  A basilisk (Lair:4)
  3 chaos spawn
  12 vampire mosquitoes
  27 deep elf fighters
  65 nagas
  A steam dragon (D:9)
  4 hungry ghosts
  26 yaks
  7 wargs
  3 hydra simulacra
  A gelid demonspawn zombie (Crypt:3)
  A faun zombie (Crypt:3)
  A harpy simulacrum (Crypt:1)
  5 spatial vortices (Abyss:3)
  6 mottled dragons
  2 soldier ants (shapeshifter)
  A spiny frog zombie (Hell)
  2 raven skeletons
  3 human skeletons
  5 sky beasts
  18 hell hounds
  20 wasps
  30 wolves
  9 black bears
  13 large abominations
  A faun skeleton (Crypt:2)
  12 necrophages
  6 porcupines
  33 orc warriors
  18 water moccasins
  3 ice beasts
  A swamp dragon zombie (Hell)
  14 killer bees
  A wasp (shapeshifter) (Depths:1)
  A boggart (shapeshifter) (Vaults:5)
  A deep dwarf (shapeshifter) (Vaults:2)
  A sky beast (shapeshifter) (Vaults:5)
  A spider (Orc:1)
  2 phantoms (Tar:1)
  A blink frog zombie (Crypt:3)
  3 human zombies
  7 boggarts
  68 ogres
  A manticore skeleton (Crypt:1)
  A swamp dragon skeleton (Crypt:3)
  A boring beetle (shapeshifter) (Vaults:5)
  29 centaurs
  2 snapping turtle skeletons
  15 giant frogs
  A boring beetle (Lair:8)
  An elf skeleton (Vaults:2)
  11 crocodiles
  An elf simulacrum (Depths:4)
  2 big kobolds
  2 spiny frog simulacra (Hell)
  2 brain worms
  A yaktaur skeleton (Depths:1)
  5 wandering mushrooms
  A wyvern zombie (D:14)
  2 hell hound zombies (Tar:1)
  A polar bear zombie (Crypt:2)
  A cyclops skeleton (Crypt:1)
  A scorpion (D:4)
  3 electric eels
  A snapping turtle simulacrum (Abyss:2)
  A manticore simulacrum (Crypt:1)
  2 spriggan skeletons
  33 wights
  20 crimson imps
  A quasit (Abyss:2)
  3 goliath beetles
  5 iron imps (Depths:1)
  12 orc priests
  2 centaur zombies
  A two-headed ogre zombie (D:8)
  11 hounds
  A basilisk skeleton (Crypt:3)
  16 orc wizards
  11 worker ants
  7 iguanas
  7 hell rats
  A killer bee zombie (D:9)
  33 sheep
  A crocodile zombie (Crypt:1)
  A troll simulacrum (Crypt:1)
  A hound zombie (D:6)
  A demigod skeleton (Crypt:2)
  2 necrophage skeletons (Tar:1)
  5 mummies
  24 river rats
  9 gnolls
  2 orc zombies (Vaults:3)
  17 adders
  14 shadow imps
  5 white imps
  A removed MONS_GIANT_MITE (D:7)
  A worm (D:2)
  9 ufetubi
  An adder zombie (D:5)
  A lava snake skeleton (Crypt:1)
  A lava snake zombie (Crypt:1)
  126 orcs
  6 bats
  5 bat skeletons
  A bat zombie (D:5)
  4 giant cockroaches
  3 gnoll zombies
  24 hobgoblins
  2 jackals (D:4)
  3 ball pythons
  7 giant geckos
  4 giant newts
  36 goblins
  A goblin skeleton (Crypt:3)
  A jackal zombie (D:5)
  24 kobolds
  7 quokkas
  A quokka skeleton (D:6)
  17 rats
  A rat skeleton (Crypt:2)
  A ballistomycete (D:11)
  2 crawling corpses (Elf:1)
  2 plants
  4 starspawn tentacles (Abyss:3)
  2 tentacles (Hell)
2989 creatures vanquished.

Vanquished Creatures (collateral kills)
  A bennu (Zig:9)
  A minotaur (Lab)
  An ice devil (Zig:9)
  A shadow wraith (Zig:9)
  A deathcap (Crypt:3)
  A troll (Orc:4)
  2 wandering mushrooms (Crypt:3)
  A shadow (D:13)
  2 necrophages (Zig:9)
  A hound (D:13)
12 creatures vanquished.

Vanquished Creatures (others)
  A greater mummy (Zig:9)
  A lich (Depths:4)
  4 acid blobs
  A fire giant (Depths:3)
  A draconian knight (Zot:1)
  An ironheart preserver (Vaults:1)
  2 bennus (Zig:9)
  3 giant orange brains
  A mummy priest (Zig:9)
  3 death oozes
  A deep elf high priest (Vaults:5)
  A vault guard (Vaults:4)
  6 great orbs of eyes
  A centaur warrior (Vaults:2)
  An ogre mage (Vaults:5)
  A spriggan berserker (Depths:5)
  2 deep elf knights
  2 deep trolls (Depths:4)
  A wizard (Vaults:1)
  A quicksilver dragon simulacrum (Depths:4)
  A naga ritualist (Snake:5)
  A deep elf conjurer (Elf:3)
  A shadow dragon zombie (Hell)
  A griffon (Shoals:4)
  A necromancer (Vaults:2)
  A wolf spider zombie (Zig:9)
  An ugly thing (Depths:4)
  2 fauns (Shoals:4)
  2 shining eyes
  A siren (Shoals:5)
  A naga mage (Snake:5)
  A vault sentinel (Vaults:1)
  11 drowned souls
  A large abomination (Zig:8)
  2 spiny frogs
  A yellow draconian zombie (Zot:3)
  A tormentor (Tar:1)
  2 yaktaurs (Vaults:3)
  A guardian mummy (Zig:9)
  A jumping spider (Elf:1)
  25 slime creatures
  An ushabti (Zig:9)
  A spriggan (shapeshifter) (Depths:5)
  A wyvern (D:9)
  3 spriggans
  2 wraiths (Zig:9)
  4 deep elf fighters
  A golden eye (Slime:4)
  A redback (Elf:1)
  2 deep elf magi
  3 fire elementals
  2 ogres
  A hungry ghost (D:12)
  2 wolves (Lair:7)
  7 water moccasins
  2 nagas
  An orc warrior (D:15)
  2 porcupines
  A swamp drake (Zot:1)
  An eye of draining (Slime:6)
  A black bear (D:11)
  11 centaurs
  13 lost souls
  6 boggarts
  2 wasps (Depths:4)
  2 crocodiles
  A big kobold (D:9)
  A brain worm (D:15)
  4 giant frogs
  A worker ant (D:6)
  An elf zombie (Elf:2)
  3 killer bees
  A small abomination (Abyss:3)
  6 crimson imps
  2 hounds
  591 jellies
  A quasit (D:6)
  2 iguanas
  3 orc wizards
  4 sheep
  A hound skeleton (D:4)
  3 mummies (Zig:9)
  A river rat (Lair:5)
  7 adders
  3 shadow imps
  A white imp (Shoals:1)
  A worm (shapeshifter) (Vaults:5)
  5 ufetubi
  5 oozes
  A giant gecko (D:6)
  24 orcs
  4 bat skeletons
  A goblin (D:7)
  3 hobgoblins
  7 kobolds
  2 quokkas
  3 bats
  A giant spore (D:11)
  2 lurking horrors (Abyss:3)
  A quokka skeleton (D:6)
  3 rats
  2 bushes (Abyss:3)
  A butterfly (Lair:2)
  A crawling corpse (Elf:3)
  4 fungi
  13 plants
  4 starspawn tentacles (Abyss:3)
  77 starspawn tentacle segments (Abyss:3)
  3 tentacles (Hell)
  135 tentacle segments (Hell)
1107 creatures vanquished.

Grand Total: 4108 creatures vanquished

Notes
Turn   | Place    | Note
--------------------------------------------------------------
     0 | D:1      | McCoppin, the Troll Monk, began the quest for the Orb.
     0 | D:1      | Reached XP level 1. HP: 22/22 MP: 0/0
    89 | D:1      | Reached XP level 2. HP: 29/29 MP: 1/1
   464 | D:2      | Reached XP level 3. HP: 36/36 MP: 2/2
   484 | D:2      | Found a sacrificial altar of Ru.
   706 | D:2      | Reached skill level 5 in Unarmed Combat
   755 | D:2      | Found a burning altar of Makhleb.
   758 | D:2      | Reached XP level 4. HP: 44/44 MP: 3/3
   997 | D:3      | Found a shadowy altar of Dithmenos.
  1277 | D:3      | HP: 2/44 [orc/flail (5)]
  1282 | D:3      | Reached XP level 5. HP: 3/50 MP: 4/4
  2230 | D:4      | Got a twisted hand axe
  2235 | D:4      | Identified the +9 hand axe of Mutilation {venom, +Inv rN+++ Str-4 Stlth+} (You found it on level 4 of the Dungeon)
  2266 | D:4      | Reached skill level 6 in Unarmed Combat
  2479 | D:4      | Found a blossoming altar of Fedhas.
  2501 | D:4      | Found a sparkling altar of Nemelex Xobeh.
  2561 | D:4      | Reached XP level 6. HP: 44/59 MP: 5/5
  2649 | D:4      | Noticed an ogre
  2656 | D:4      | Killed an ogre
  2656 | D:4      | Reached skill level 7 in Unarmed Combat
  2663 | D:4      | Found a staircase to the Ecumenical Temple.
  2673 | Temple   | Entered the Ecumenical Temple
  2690 | Temple   | Became a worshipper of Jiyva Jogeuwio the Shapeless
  2690 | Temple   | Acquired Jiyva's first power
  2690 | Temple   | Acquired Jiyva's second power
  2742 | D:4      | Reached XP level 7. HP: 62/66 MP: 4/6
  2999 | D:4      | Gained mutation: You are surrounded by a mild repulsion field (EV +2). [Jiyva's grace]
  3267 | D:5      | Entered Level 5 of the Dungeon
  3340 | D:5      | Found an ancient bone altar of Kikubaaqudgha.
  3356 | D:5      | Gained mutation: You can translocate small distances at will. [Jiyva's grace]
  3446 | D:5      | Found a snail-covered altar of Cheibriados.
  3501 | D:5      | Acquired Jiyva's third power
  3830 | D:5      | Reached skill level 8 in Unarmed Combat
  3870 | D:5      | Reached skill level 5 in Dodging
  4172 | D:6      | Reached XP level 8. HP: 57/75 MP: 7/7
  4187 | D:6      | Lost mutation: You are surrounded by a mild repulsion field (EV +2). [Jiyva's grace]
  4228 | D:6      | Acquired Jiyva's fourth power
  4257 | D:6      | Noticed a two-headed ogre
  4274 | D:6      | Slimified a two-headed ogre
  4274 | D:6      | a two-headed ogre changed into an ooze
  4316 | D:6      | Gained mutation: Your system is resistant to poisons. [Jiyva's grace]
  4642 | D:6      | Found a radiant altar of Vehumet.
  4669 | D:6      | Found a glowing golden altar of the Shining One.
  4903 | D:7      | Found a basalt altar of Yredelemnul.
  4979 | D:7      | Reached skill level 9 in Unarmed Combat
  5034 | D:7      | Gained mutation: You are covered in thick fur (AC +2). [Jiyva's grace]
  5347 | D:8      | Reached XP level 9. HP: 84/84 MP: 8/8
  5363 | D:8      | Gained mutation: You are robust (+10% HP). [mutagenic meat]
  5452 | D:8      | Noticed Prince Ribbit
  5473 | D:8      | Reached skill level 10 in Unarmed Combat
  5552 | D:8      | Noticed a two-headed ogre
  5564 | D:8      | Killed a two-headed ogre
  5581 | D:8      | Noticed a centaur skeleton
  5594 | D:8      | Killed a centaur skeleton
  5594 | D:8      | Reached skill level 5 in Fighting
  5665 | D:8      | Noticed Erolcha
  5676 | D:8      | Slimified Erolcha
  5676 | D:8      | Noticed Erolcha
  5676 | D:8      | Erolcha changed into Erolcha the jelly
  5716 | D:8      | Gained mutation: Your magical capacity is low (-10% MP). [Jiyva's grace]
  5780 | D:8      | Found a glowing silver altar of Zin.
  5780 | D:8      | Found a stormy altar of Qazlal.
  5848 | D:8      | Found a bloodstained altar of Trog.
  5996 | D:9      | Found Qyapiz's Weapon Emporium.
  6192 | D:9      | Reached skill level 11 in Unarmed Combat
  6493 | D:9      | Lost mutation: Your magical capacity is low (-10% MP). [Jiyva's grace]
  6494 | D:9      | Found a staircase to the Lair.
  6551 | D:9      | Found a shattered altar of Ashenzari.
  6558 | D:9      | Reached XP level 10. HP: 106/106 MP: 9/9
  6912 | Lair:1   | Entered Level 1 of the Lair of Beasts
  7164 | Lair:1   | Lost mutation: Your system is resistant to poisons. [Jiyva's grace]
  7305 | Lair:1   | Noticed Somebody's ghost (experienced FeWn)
  7311 | Lair:1   | Killed Somebody's ghost
  7311 | Lair:1   | Reached skill level 12 in Unarmed Combat
  7749 | Lair:2   | Lost mutation: You are robust (+10% HP). [Jiyva's grace]
  8121 | Lair:2   | Gained mutation: Your system is resistant to poisons. [Jiyva's grace]
  8281 | Lair:2   | Noticed a griffon
  8296 | Lair:2   | Killed a griffon
  8386 | Lair:2   | Noticed an oklob plant
  8397 | Lair:2   | Killed an oklob plant
  8397 | Lair:2   | Reached XP level 11. HP: 107/107 MP: 10/10
  8524 | Lair:3   | Found a labyrinth entrance.
  8546 | Lab      | Entered a labyrinth
  8672 | Lab      | Lost mutation: You are covered in thick fur (AC +2). [Jiyva's grace]
  9484 | Lab      | Noticed a minotaur
  9643 | Lab      | Killed a minotaur
  9651 | Lab      | Got an ancient golden ring
  9660 | Lab      | Got a jewelled hat
  9667 | Lab      | Identified the +1 hat of the Many Tales {MP+9} (You found it in a labyrinth)
  9669 | Lab      | Identified the ring of Viuxiff {rN+++ MP+9 Str-2 SInv Stlth+} (You took it off a minotaur in a labyrinth)
  9838 | Lair:3   | Reached skill level 13 in Unarmed Combat
  9873 | Lair:3   | Found a staircase to the Snake Pit.
 10042 | Lair:3   | Gained mutation: Your mind is acute. (Int +2) [Jiyva's grace]
 10287 | Lair:3   | Upgraded the game from 0.17-a0-427-ga655056 to 0.17-a0-435-gc4df345
 10507 | Lair:3   | Noticed a six-headed hydra
 10512 | Lair:3   | Slimified a six-headed hydra
 10512 | Lair:3   | Noticed an azure jelly
 10512 | Lair:3   | a six-headed hydra changed into an azure jelly
 11024 | Lair:4   | Reached XP level 12. HP: 122/122 MP: 11/11
 11042 | Lair:4   | Gained mutation: You have sharp toenails. [Jiyva's grace]
 11247 | Lair:5   | Reached skill level 14 in Unarmed Combat
 11377 | Lair:5   | Gained mutation: You have acidic saliva. [Jiyva's grace]
 11543 | Lair:5   | Found a staircase to the Shoals.
 11794 | Lair:6   | Noticed Maud
 12055 | Lair:6   | Lost mutation: Your system is resistant to poisons. [Jiyva's grace]
 12180 | Lair:6   | Reached skill level 10 in Fighting
 12281 | Lair:6   | Killed Maud
 12281 | Lair:6   | Reached skill level 10 in Dodging
 12311 | Lair:6   | Gained mutation: Your skin is partially translucent (Stealth, -foe acc). [Jiyva's grace]
 12367 | Lair:6   | Noticed Kirke
 12377 | Lair:6   | Killed Kirke
 12713 | Lair:6   | Reached XP level 13. HP: 130/135 MP: 12/12
 12725 | Lair:6   | Lost mutation: You have acidic saliva. [Jiyva's grace]
 13362 | Lair:7   | Noticed an acid blob
 13362 | Lair:7   | a five-headed hydra changed into an acid blob
 13373 | Lair:7   | Found a staircase to the Slime Pits.
 13400 | Slime:1  | Entered Level 1 of the Pits of Slime
 13414 | Slime:2  | Noticed an acid blob
 13427 | Slime:3  | Noticed an azure jelly
 13469 | Slime:4  | Noticed an acid blob
 13476 | Slime:4  | Lost mutation: Your mind is acute. (Int +2) [Jiyva's grace]
 13516 | Slime:6  | Entered Level 6 of the Pits of Slime
 13526 | Slime:6  | Noticed an azure jelly
 13528 | Slime:6  | Noticed an acid blob
 13532 | Slime:6  | Noticed an acid blob
 13546 | Slime:6  | Found a viscous altar of Jiyva.
 13549 | Slime:6  | Noticed the royal jelly
 13549 | Slime:6  | Noticed an acid blob
 13551 | Slime:6  | Noticed an acid blob
 13552 | Slime:6  | Noticed an acid blob
 13553 | Slime:6  | Noticed an azure jelly
 13557 | Slime:6  | Noticed an acid blob
 13557 | Slime:6  | Noticed an acid blob
 13558 | Slime:6  | Gained mutation: You have a small jelly attached to you that may absorb incoming projectiles. [Jiyva's grace]
 13559 | Slime:6  | Noticed an acid blob
 13562 | Slime:6  | Noticed an acid blob
 13575 | Slime:6  | Got a translucent pewter amulet
 13579 | Slime:6  | Got a clouded steel ring
 13581 | Slime:6  | Got a slimy rune of Zot
 13662 | Slime:6  | Identified the amulet "Wadybloj" {rMut +Inv Dex+3 SInv} (You found it on level 6 of the Pits of Slime)
 13663 | Slime:6  | Identified the ring "Mefu" {Int+3 Stlth-} (You found it on level 6 of the Pits of Slime)
 13677 | Slime:6  | Got a crude mace
 13685 | Slime:6  | Got a smoking broad axe
 13689 | Slime:6  | Identified the +4 mace of Hoor {crush, rN+ MP+9 Int+2} (You found it on level 6 of the Pits of Slime)
 13690 | Slime:6  | Identified the +8 broad axe of Analysis {speed, +Rage +Fly} (You found it on level 6 of the Pits of Slime)
 13704 | Slime:6  | Got a bloodstained war axe
 13713 | Slime:6  | Got a dazzling glaive
 13715 | Slime:6  | Identified the +6 war axe "Dykacsaitt" {flame, +Fly rN+++ Dex-2 Stlth-} (You found it on level 6 of the Pits of Slime)
 13716 | Slime:6  | Identified the +10 glaive of Makhleb's Displeasure {chop, rC+ Str+2 Dex-3} (You found it on level 6 of the Pits of Slime)
 13721 | Slime:6  | Got a faintly glowing chain mail
 13942 | Lair:7   | Killed an acid blob
 13958 | Lair:7   | Gained mutation: You have a small jelly attached to you that senses nearby items. [Jiyva's grace]
 14001 | Lair:7   | Found an opulent altar of Gozag.
 14396 | Lair:7   | Noticed an acid blob
 14396 | Lair:7   | a seven-headed hydra changed into an acid blob
 14422 | Lair:8   | Entered Level 8 of the Lair of Beasts
 14737 | Lair:8   | Reached skill level 15 in Unarmed Combat
 15397 | Lair:8   | Reached XP level 14. HP: 78/148 MP: 13/13
 15464 | Lair:8   | Got a coiled diamond amulet
 15468 | Lair:8   | Identified the amulet of Monotheism {Regen+ Dex+4} (You found it on level 8 of the Lair of Beasts)
 15853 | Lair:8   | Paralysed by a wasp for 3 turns
 16139 | D:10     | Entered Level 10 of the Dungeon
 16315 | D:10     | Found a corrupted altar of Lugonu.
 16615 | D:10     | Gained mutation: You are robust (+10% HP). [Jiyva's grace]
 16646 | D:10     | Gained mutation: Your spells are a little easier to cast, but a little less powerful. [mutagenic meat]
 17207 | D:8      | Learned a level 1 spell: Apportation
 17452 | D:11     | Lost mutation: You have a small jelly attached to you that senses nearby items. [Jiyva's grace]
 17524 | D:11     | Found a staircase to the Orcish Mines.
 17606 | D:11     | Gained mutation: You are partially covered in yellow scales (AC +2). [mutagenic meat]
 17634 | D:11     | Lost mutation: You are robust (+10% HP). [Jiyva's grace]
 17833 | D:12     | Reached skill level 1 in Translocations
 17844 | D:12     | Noticed Azrael
 17859 | D:12     | Killed Azrael
 17986 | D:12     | Gained mutation: You can spit weak poison. [Jiyva's grace]
 18218 | D:12     | Got a polished leather armour
 18373 | D:13     | Paralysed by a wasp for 2 turns
 18622 | D:13     | Lost mutation: You have a small jelly attached to you that may absorb incoming projectiles. [Jiyva's grace]
 18809 | D:13     | Gained mutation: Your flesh is cold resistant. [Jiyva's grace]
 18860 | D:13     | Lost mutation: You are partially covered in yellow scales (AC +2). [mutagenic meat]
 18903 | D:13     | Reached skill level 5 in Translocations
 18927 | D:13     | Found a gate to the Vaults.
 19055 | D:14     | Reached skill level 1 in Throwing
 19112 | D:14     | Reached skill level 1 in Armour
 19305 | D:14     | Noticed Rupert
 19360 | D:14     | Killed Rupert
 19378 | D:14     | Gained mutation: You have a small jelly attached to you that may absorb incoming projectiles. [Jiyva's grace]
 19762 | D:15     | Entered Level 15 of the Dungeon
 19864 | D:15     | Lost mutation: You have a small jelly attached to you that may absorb incoming projectiles. [Jiyva's grace]
 19911 | D:15     | Reached XP level 15. HP: 109/157 MP: 14/14
 20164 | D:15     | Found a staircase to the Depths.
 20210 | D:15     | Gained mutation: You have acidic saliva. [Jiyva's grace]
 20219 | D:15     | Gained mutation: You have a pair of small antennae on your head. [Jiyva's grace]
 20231 | D:15     | Lost mutation: You have acidic saliva. [Jiyva's grace]
 20390 | D:15     | Reached skill level 5 in Throwing
 20502 | D:15     | Gained mutation: You are partially covered in icy blue scales (AC +1). [mutagenic meat]
 20503 | D:15     | Gained mutation: You expend magic power (3 MP) to strengthen your wands. [mutagenic meat]
 20506 | D:15     | Gained mutation: You are mostly covered in icy blue scales (AC +3, EV -1). [mutagenic meat]
 20507 | D:15     | Lost mutation: Your skin is partially translucent (Stealth, -foe acc). [mutagenic meat]
 20508 | D:15     | Gained mutation: You can spit poison. [mutagenic meat]
 20509 | D:15     | Lost mutation: Your spells are a little easier to cast, but a little less powerful. [mutagenic meat]
 20510 | D:15     | Lost mutation: You can spit poison. [mutagenic meat]
 20511 | D:15     | Gained mutation: You are weak. (Str -2) [mutagenic meat]
 20994 | Orc:1    | Entered Level 1 of the Orcish Mines
 21018 | Orc:1    | Found a roughly hewn altar of Beogh.
 21114 | Orc:1    | Found Systrott's Gadget Boutique.
 21116 | Orc:1    | Noticed Nergalle
 21143 | Orc:1    | Killed Nergalle
 21189 | Orc:1    | Reached skill level 5 in Armour
 21312 | Orc:1    | Lost mutation: You are weak. (Str -2) [Jiyva's grace]
 21316 | Orc:1    | Gained mutation: You possess an exceptional clarity of mind. [Jiyva's grace]
 21327 | Orc:1    | Gained mutation: Your skin is partially translucent (Stealth, -foe acc). [Jiyva's grace]
 21376 | Orc:1    | Gained mutation: You are resistant to hostile enchantments. [Jiyva's grace]
 21581 | Orc:1    | Lost mutation: You can spit weak poison. [Jiyva's grace]
 21688 | Orc:3    | Found a staircase to the Elven Halls.
 21688 | Orc:3    | Noticed krae's ghost (powerful DDBe)
 21710 | Orc:3    | Killed krae's ghost
 21780 | Orc:3    | Found a bloodstained altar of Trog.
 21844 | Orc:3    | Noticed Snorg
 21858 | Orc:3    | Killed Snorg
 21880 | Orc:3    | Found Fuidoapn's Weapon Emporium.
 21942 | Orc:3    | Lost mutation: Your skin is partially translucent (Stealth, -foe acc). [Jiyva's grace]
 21942 | Orc:3    | Gained mutation: Your skin changes colour to match your surroundings (Stealth). [Jiyva's grace]
 22230 | Orc:4    | Entered Level 4 of the Orcish Mines
 22248 | Orc:4    | Noticed krae's ghost (experienced DDBe)
 22276 | Orc:4    | Killed krae's ghost
 22462 | Orc:4    | Gained mutation: You are highly resistant to hostile enchantments. [Jiyva's grace]
 22573 | Orc:4    | Lost mutation: You expend magic power (3 MP) to strengthen your wands. [Jiyva's grace]
 22679 | Orc:4    | Found Ganail's Book Shop.
 22680 | Orc:4    | Found Ughini's Jewellery Shop.
 22684 | Orc:4    | Gained mutation: You are partially covered in iridescent scales (AC +4). [Jiyva's grace]
 22728 | Orc:4    | Lost mutation: You are highly resistant to hostile enchantments. [Jiyva's grace]
 23068 | Orc:4    | Found Ugas's Antique Armour Shoppe.
 23092 | Orc:4    | Found God Cun's Antique Armour Boutique.
 23111 | Orc:4    | Gained mutation: You are covered in slimy tendrils that may disarm your opponents. [Jiyva's grace]
 23137 | Orc:4    | Lost mutation: You are partially covered in iridescent scales (AC +4). [Jiyva's grace]
 23629 | Shoals:1 | Entered Level 1 of the Shoals
 23771 | Shoals:1 | Gained mutation: Your rubbery body absorbs attacks (AC +1). [Jiyva's grace]
 23913 | Shoals:1 | Noticed Frances
 24169 | Shoals:1 | Slimified Frances
 24169 | Shoals:1 | Noticed Frances
 24169 | Shoals:1 | Frances changed into Frances the slime creature
 24231 | Shoals:2 | Found Toeniala's Gadget Emporium.
 24273 | Shoals:2 | Lost mutation: You have a pair of small antennae on your head. [Jiyva's grace]
 24552 | Shoals:2 | Reached XP level 16. HP: 68/167 MP: 15/15
 24914 | Shoals:2 | Found Catin's Distillery.
 24931 | Shoals:2 | Gained mutation: You are completely covered in icy blue scales (AC +4, EV -1, rC+). [Jiyva's grace]
 24933 | Shoals:2 | Found Vathroj's Magic Scroll Shop.
 24942 | Shoals:2 | Bought a potion of curing for 51 gold pieces
 24942 | Shoals:2 | Bought a potion of mutation for 42 gold pieces
 24942 | Shoals:2 | Bought a potion of mutation for 42 gold pieces
 24942 | Shoals:2 | Bought a potion of curing for 51 gold pieces
 24942 | Shoals:2 | Bought a potion of invisibility for 136 gold pieces
 24942 | Shoals:2 | Bought a potion of curing for 51 gold pieces
 24942 | Shoals:2 | Gained mutation: You are dopey. (Int -2) [potion of mutation]
 24942 | Shoals:2 | Lost mutation: You are resistant to hostile enchantments. [potion of mutation]
 24943 | Shoals:2 | Gained mutation: You expend magic power (3 MP) to strengthen your wands. [potion of mutation]
 24949 | Shoals:2 | Bought a scroll of magic mapping for 52 gold pieces
 24949 | Shoals:2 | Bought a scroll of acquirement for 780 gold pieces
 24949 | Shoals:2 | Bought a scroll of identify for 30 gold pieces
 24949 | Shoals:2 | Bought a scroll of teleportation for 45 gold pieces
 24949 | Shoals:2 | Bought a scroll of remove curse for 45 gold pieces
 24949 | Shoals:2 | Bought a scroll of identify for 30 gold pieces
 24949 | Shoals:2 | Bought a scroll of acquirement for 780 gold pieces
 24951 | Shoals:2 | Got a spiked large shield
 24957 | Shoals:2 | Identified the +8 large shield of the End {Str+3 Int+2} (You acquired it on level 2 of the Shoals)
 25055 | Shoals:2 | Reached skill level 1 in Shields
 25178 | Shoals:3 | Identified Orytrog's Collected Works on Combat Magic and the Blaze (You found it on level 3 of the Shoals)
 26000 | Shoals:4 | Lost mutation: You have sharp toenails. [Jiyva's grace]
 26038 | Shoals:4 | Gained mutation: You regenerate. [Jiyva's grace]
 26080 | Shoals:4 | Reached skill level 5 in Shields
 26252 | Shoals:4 | Gained mutation: You are agile. (Dex +2) [Jiyva's grace]
 26523 | Shoals:5 | Entered Level 5 of the Shoals
 26842 | Shoals:5 | Got a smoking diamond amulet
 26879 | Shoals:5 | Identified the amulet of the Four Moons {Inacc Dex+4} (You found it on level 5 of the Shoals)
 26925 | Shoals:5 | Noticed Ilsuiw
 27172 | Shoals:5 | Got a barnacled rune of Zot
 27325 | Shoals:5 | Lost mutation: You are dopey. (Int -2) [Jiyva's grace]
 27769 | Shoals:5 | HP: 8/167 [merfolk aquamancer/great wave of water (30)]
 27800 | Shoals:5 | Gained mutation: Armour fits poorly on your pseudopods. [Jiyva's grace]
 28367 | Snake:1  | Entered Level 1 of the Snake Pit
 28756 | Snake:1  | Reached XP level 17. HP: 175/175 MP: 16/16
 29081 | Snake:2  | Reached skill level 10 in Shields
 29181 | Snake:2  | Noticed Aizul
 29193 | Snake:2  | Gained mutation: You have large cloven feet. [Jiyva's grace]
 29198 | Snake:2  | Slimified Aizul
 29198 | Snake:2  | Noticed Aizul
 29198 | Snake:2  | Aizul changed into Aizul the acid blob
 29200 | Snake:2  | Killed Aizul the acid blob
 30224 | Snake:3  | Lost mutation: Your rubbery body absorbs attacks (AC +1). [Jiyva's grace]
 30279 | Snake:3  | Gained mutation: You can breathe flames. [Jiyva's grace]
 30328 | Snake:3  | Lost mutation: Armour fits poorly on your pseudopods. [Jiyva's grace]
 30580 | Snake:3  | Lost mutation: Your skin changes colour to match your surroundings (Stealth). [Jiyva's grace]
 30580 | Snake:3  | Gained mutation: Your skin is partially translucent (Stealth, -foe acc). [Jiyva's grace]
 30976 | Snake:4  | Got a crystal dagger
 30982 | Snake:4  | Identified the +7 dagger of Noon {antimagic, rF+ rN+ Int+3 Dex-3} (You found it on level 4 of the Snake Pit)
 31351 | Snake:4  | Lost mutation: Your skin is partially translucent (Stealth, -foe acc). [Jiyva's grace]
 31374 | Snake:4  | Gained mutation: Your rubbery body absorbs attacks (AC +1). [Jiyva's grace]
 31424 | Snake:4  | Gained mutation: You are very agile. (Dex +4) [Jiyva's grace]
 31434 | Snake:5  | Entered Level 5 of the Snake Pit
 31483 | Snake:5  | Found Wankesa's Magic Scroll Shop.
 31506 | Snake:5  | Bought a scroll of remove curse for 42 gold pieces
 31506 | Snake:5  | Bought a scroll of identify for 28 gold pieces
 31506 | Snake:5  | Bought a scroll of recharging for 133 gold pieces
 31506 | Snake:5  | Bought a scroll of identify for 28 gold pieces
 31506 | Snake:5  | Bought a scroll of recharging for 133 gold pieces
 31814 | Snake:5  | Got a fine cloak
 31825 | Snake:5  | Identified the +1 cloak of Disguise {rN++ rCorr} (You acquired it on level 5 of the Snake Pit)
 32373 | Snake:5  | Lost mutation: You are very agile. (Dex +4) [Jiyva's grace]
 32471 | Snake:5  | Gained mutation: You evolve. [Jiyva's grace]
 32501 | Snake:5  | Lost mutation: You are covered in slimy tendrils that may disarm your opponents. [Jiyva's grace]
 32503 | Snake:5  | Gained mutation: You have a small jelly attached to you that may absorb incoming projectiles. [Jiyva's grace]
 32590 | Snake:5  | Lost mutation: You are agile. (Dex +2) [Jiyva's grace]
 32643 | Snake:5  | Reached XP level 18. HP: 173/183 MP: 17/17
 32743 | Snake:5  | Lost mutation: Your rubbery body absorbs attacks (AC +1). [Jiyva's grace]
 32860 | Snake:5  | Lost mutation: You expend magic power (3 MP) to strengthen your wands. [Jiyva's grace]
 32889 | Snake:5  | Gained mutation: You have a pair of small horns on your head. [Jiyva's grace]
 33067 | Snake:5  | Gained mutation: You have a beak for a mouth. [Jiyva's grace]
 33293 | Snake:5  | Gained mutation: Your body is partially covered in golden eyeballs (Acc +3). [Jiyva's grace]
 33331 | Snake:5  | Got a serpentine rune of Zot
 33519 | Lair:2   | Gained mutation: Your mind is acute. (Int +2) [evolution]
 33736 | Vaults:1 | Entered Level 1 of the Vaults
 33840 | Vaults:1 | Reached skill level 15 in Shields
 33974 | Vaults:1 | Lost mutation: Your body is partially covered in golden eyeballs (Acc +3). [mutagenic meat]
 33979 | Vaults:1 | Lost mutation: Your flesh is cold resistant. [mutagenic meat]
 33980 | Vaults:1 | Lost mutation: You possess an exceptional clarity of mind. [mutagenic meat]
 33981 | Vaults:1 | Gained mutation: You passively map a small area around you. [mutagenic meat]
 34096 | Vaults:1 | Lost mutation: You have large cloven feet. [mutagenic meat]
 34099 | Vaults:1 | Gained mutation: Space occasionally distorts in your vicinity. [mutagenic meat]
 34100 | Vaults:1 | Lost mutation: You passively map a small area around you. [mutagenic meat]
 34104 | Vaults:1 | Lost mutation: Space occasionally distorts in your vicinity. [Jiyva's power]
 34180 | Vaults:1 | Lost mutation: Your mind is acute. (Int +2) [Jiyva's grace]
 34231 | Vaults:1 | Gained mutation: Your spells are a little harder to cast, but a little more powerful. [mutagenic meat]
 34232 | Vaults:1 | Lost mutation: You have a small jelly attached to you that may absorb incoming projectiles. [mutagenic meat]
 34233 | Vaults:1 | Lost mutation: You can translocate small distances at will. [mutagenic meat]
 34400 | Vaults:1 | Gained mutation: Your flesh is heat resistant. [Jiyva's grace]
 34493 | Vaults:1 | Lost mutation: You have a pair of small horns on your head. [mutagenic meat]
 34494 | Vaults:1 | Lost mutation: You can breathe flames. [mutagenic meat]
 34536 | Vaults:1 | Noticed Wiglaf
 35072 | Vaults:1 | Lost mutation: Your spells are a little harder to cast, but a little more powerful. [Jiyva's grace]
 35331 | Vaults:1 | Killed Wiglaf
 35339 | Vaults:1 | Lost mutation: You regenerate. [Jiyva's grace]
 35357 | Vaults:1 | Lost mutation: Your flesh is heat resistant. [Jiyva's grace]
 35490 | Vaults:2 | Reached skill level 16 in Unarmed Combat
 35788 | Vaults:2 | Reached XP level 19. HP: 149/188 MP: 18/18
 35867 | Vaults:2 | Gained mutation: You have sharp toenails. [mutagenic meat]
 35868 | Vaults:2 | Gained mutation: You are robust (+10% HP). [mutagenic meat]
 35869 | Vaults:2 | Gained mutation: You have a pair of small horns on your head. [mutagenic meat]
 35873 | Vaults:2 | Gained mutation: You are dopey. (Int -2) [mutagenic meat]
 35874 | Vaults:2 | Gained mutation: Your magical capacity is low (-10% MP). [mutagenic meat]
 35878 | Vaults:2 | Lost mutation: You have a pair of small horns on your head. [mutagenic meat]
 35879 | Vaults:2 | Lost mutation: You are robust (+10% HP). [mutagenic meat]
 36038 | Vaults:2 | Gained mutation: You have acidic saliva. [Jiyva's grace]
 36061 | Vaults:2 | Gained mutation: Your muscles are strong. (Str +2) [Jiyva's grace]
 36065 | Vaults:2 | Gained mutation: Your system is resistant to poisons. [Jiyva's grace]
 36110 | Vaults:2 | Gained mutation: You rapidly evolve. [Jiyva's grace]
 36245 | Vaults:2 | Noticed Xtahua
 36284 | Vaults:2 | Killed Xtahua
 36286 | Vaults:2 | Lost mutation: You rapidly evolve. [Jiyva's grace]
 36289 | Vaults:2 | Reached skill level 17 in Unarmed Combat
 36341 | Vaults:2 | Lost mutation: You evolve. [Jiyva's grace]
 36344 | Vaults:2 | Gained mutation: You are covered in slimy tendrils that may disarm your opponents. [Jiyva's grace]
 36373 | Vaults:2 | Gained mutation: You can translocate small distances at will. [potion of mutation]
 36523 | Vaults:2 | Found a staircase to the Crypt.
 36523 | Vaults:2 | Found a basalt altar of Yredelemnul.
 36524 | Vaults:2 | Found an ancient bone altar of Kikubaaqudgha.
 36909 | Vaults:3 | Lost mutation: You have acidic saliva. [Jiyva's grace]
 37061 | Vaults:3 | Gained mutation: You have a small jelly attached to you that senses nearby items. [Jiyva's grace]
 37130 | Vaults:3 | Lost mutation: You are covered in slimy tendrils that may disarm your opponents. [Jiyva's grace]
 37141 | Vaults:3 | Gained mutation: You tend to lose your temper in combat. [Jiyva's grace]
 37278 | Vaults:3 | Gained mutation: Your skin is partially translucent (Stealth, -foe acc). [Jiyva's grace]
 37281 | Vaults:3 | Lost mutation: You are dopey. (Int -2) [Jiyva's power]
 37319 | Vaults:3 | Lost mutation: Your magical capacity is low (-10% MP). [Jiyva's power]
 37334 | Vaults:3 | Lost mutation: You tend to lose your temper in combat. [Jiyva's power]
 37512 | Vaults:3 | Gained mutation: You expend magic power (3 MP) to strengthen your wands. [mutagenic meat]
 37513 | Vaults:3 | Gained mutation: You are dopey. (Int -2) [mutagenic meat]
 37624 | Vaults:3 | Reached skill level 18 in Unarmed Combat
 37629 | Vaults:3 | Gained mutation: You are good at translocating small distances at will. [mutagenic meat]
 37954 | Vaults:3 | Lost mutation: You have a small jelly attached to you that senses nearby items. [Jiyva's grace]
 37961 | Vaults:3 | Lost mutation: Your skin is partially translucent (Stealth, -foe acc). [Jiyva's grace]
 38152 | Vaults:3 | Lost mutation: Your system is resistant to poisons. [Jiyva's grace]
 38260 | Vaults:4 | Found a magical portal.
 38269 | WizLab   | Entered The Hall of Haymise the Hellbinder
 38297 | WizLab   | Gained mutation: Your spells are a little easier to cast, but a little less powerful. [a cacodemon]
 38629 | WizLab   | Gained mutation: You are resistant to electric shocks. [Jiyva's grace]
 38732 | WizLab   | Found a burning altar of Makhleb.
 38755 | WizLab   | Identified Sif Muna's Disquisition on Summoning (You found it in a wizard's laboratory)
 38774 | WizLab   | Identified the Collected Works on Creation
 39242 | Vaults:4 | Got a steaming trident
 39243 | Vaults:4 | Identified the +9 trident "Paczibiuss" {flame, Int+5} (You found it on level 4 of the Vaults)
 39320 | Vaults:4 | Lost mutation: Your spells are a little easier to cast, but a little less powerful. [mutagenic meat]
 39322 | Vaults:4 | Gained mutation: Your system is resistant to poisons. [mutagenic meat]
 39346 | Vaults:4 | Gained mutation: Your spells are a little harder to cast, but a little more powerful. [Jiyva's grace]
 39448 | Vaults:4 | Reached XP level 20. HP: 200/200 MP: 19/19
 39625 | Vaults:4 | Reached skill level 19 in Unarmed Combat
 39637 | Vaults:4 | Gained mutation: Your flesh is cold resistant. [mutagenic meat]
 39638 | Vaults:4 | Lost mutation: Your flesh is cold resistant. [mutagenic meat]
 39639 | Vaults:4 | Lost mutation: You expend magic power (3 MP) to strengthen your wands. [mutagenic meat]
 39640 | Vaults:4 | Lost mutation: You are good at translocating small distances at will. [mutagenic meat]
 39641 | Vaults:4 | Lost mutation: Your muscles are strong. (Str +2) [mutagenic meat]
 39642 | Vaults:4 | Lost mutation: Your system is resistant to poisons. [mutagenic meat]
 39660 | Vaults:4 | Noticed Mara
 39663 | Vaults:4 | Noticed McCoppin's illusion
 39701 | Vaults:4 | Got a spiked cloak
 39712 | Vaults:4 | Identified the +1 cloak of Rimidgh {Str+4} (You acquired it on level 4 of the Vaults)
 39811 | Vaults:4 | Noticed McCoppin's illusion
 40023 | Vaults:4 | Lost mutation: You are dopey. (Int -2) [mutagenic meat]
 40187 | Vaults:4 | Gained mutation: You have a small jelly attached to you that senses nearby items. [Jiyva's grace]
 40233 | Vaults:4 | Killed Mara
 40305 | Vaults:4 | Found a glowing silver altar of Zin.
 40372 | Vaults:4 | Gained mutation: Scrolls take you a little longer to read. [mutagenic meat]
 40374 | Vaults:4 | Gained mutation: You can breathe flames. [mutagenic meat]
 41003 | Depths:1 | Entered Level 1 of the Depths
 41144 | Depths:1 | Cast into the Abyss (an ogre mage)
 41532 | Depths:1 | Escaped the Abyss
 41569 | Depths:1 | Found a gateway to Hell.
 41958 | Depths:1 | Gained mutation: Your muscles are strong. (Str +2) [mutagenic meat]
 41960 | Depths:1 | Lost mutation: You have sharp toenails. [mutagenic meat]
 41961 | Depths:1 | Lost mutation: Your spells are a little harder to cast, but a little more powerful. [mutagenic meat]
 41971 | Depths:1 | Lost mutation: You can breathe flames. [Jiyva's grace]
 42004 | Depths:1 | Lost mutation: Scrolls take you a little longer to read. [Jiyva's grace]
 42042 | Depths:1 | Noticed Jorgrun
 42075 | Depths:1 | Killed Jorgrun
 42312 | Depths:1 | Gained mutation: Your skin is partially translucent (Stealth, -foe acc). [Jiyva's grace]
 42367 | Depths:1 | Gained mutation: Your body is partially covered in golden eyeballs (Acc +3). [Jiyva's grace]
 42370 | Depths:1 | Reached skill level 20 in Unarmed Combat
 42414 | Depths:1 | Lost mutation: Your muscles are strong. (Str +2) [Jiyva's grace]
 42952 | Depths:2 | Found a one-way gate to the infinite horrors of the Abyss.
 43145 | Depths:2 | Lost mutation: You are completely covered in icy blue scales (AC +4, EV -1, rC+). [Jiyva's grace]
 43160 | Depths:2 | Lost mutation: Your skin is partially translucent (Stealth, -foe acc). [Jiyva's grace]
 43556 | Depths:2 | Reached XP level 21. HP: 192/192 MP: 20/20
 43691 | Depths:2 | Lost mutation: You have a small jelly attached to you that senses nearby items. [Jiyva's grace]
 43692 | Depths:2 | Reached skill level 15 in Dodging
 43741 | Depths:2 | Noticed the Enchantress
 43763 | Depths:2 | Killed the Enchantress
 43766 | Depths:2 | Got a faerie dragon armour
 43777 | Depths:2 | Identified the +1 faerie dragon armour {MR+ MP+5 Int+3} (You took it off the Enchantress on level 2 of the Depths)
 43816 | Depths:2 | Gained mutation: You are frail (-10% HP). [Jiyva's grace]
 43826 | Depths:2 | Lost mutation: You are frail (-10% HP). [Jiyva's grace]
 43856 | Depths:2 | Reached skill level 21 in Unarmed Combat
 44065 | Depths:2 | Gained mutation: You have acidic saliva. [Jiyva's grace]
 44384 | Depths:2 | Found a bloodstained altar of Trog.
 44464 | Depths:2 | Found a gateway to a ziggurat.
 44683 | Depths:2 | Lost mutation: You can translocate small distances at will. [Jiyva's grace]
 44775 | Depths:3 | Found a runed door.
 44801 | Depths:3 | Found a one-way gate leading to the halls of Pandemonium.
 45020 | Depths:3 | Found Engadd's Gadget Boutique.
 45027 | Depths:3 | Got an opalescent robe
 45063 | Depths:3 | Identified the cursed +1 robe "Patuoss" {rCorr} (You found it on level 3 of the Depths)
 45166 | Depths:3 | Gained mutation: You are weak. (Str -2) [Jiyva's grace]
 45392 | Depths:3 | Gained mutation: You have a pair of small antennae on your head. [Jiyva's grace]
 45480 | Depths:3 | Gained mutation: Your spells are a little harder to cast, but a little more powerful. [Jiyva's grace]
 45761 | Depths:3 | Gained mutation: Your spells are harder to cast, but more powerful. [mutagenic meat]
 45762 | Depths:3 | Gained mutation: You tend to lose your temper in combat. [mutagenic meat]
 45858 | Depths:3 | Gained mutation: You have a small jelly attached to you that senses nearby items. [Jiyva's grace]
 46033 | Depths:3 | Reached skill level 22 in Unarmed Combat
 46187 | Depths:4 | Noticed Margery
 46208 | Depths:4 | Killed Margery
 46305 | Depths:4 | Lost mutation: You have a small jelly attached to you that senses nearby items. [Jiyva's grace]
 46307 | Depths:4 | Lost mutation: Your spells are harder to cast, but more powerful. [Jiyva's grace]
 46326 | Depths:4 | Lost mutation: You tend to lose your temper in combat. [Jiyva's grace]
 46405 | Depths:4 | Gained mutation: Your flesh is cold resistant. [Jiyva's grace]
 46437 | Depths:4 | Reached XP level 22. HP: 187/201 MP: 21/21
 46552 | Depths:4 | Noticed Sojobo
 46585 | Depths:4 | Lost mutation: Your spells are a little harder to cast, but a little more powerful. [Jiyva's grace]
 46594 | Depths:4 | Killed Sojobo
 46808 | Depths:4 | Gained mutation: You have supernaturally acute eyesight. [Jiyva's grace]
 46981 | Depths:4 | Lost mutation: You are weak. (Str -2) [Jiyva's grace]
 47189 | Depths:5 | Entered Level 5 of the Depths
 47233 | Depths:4 | Gained mutation: You are agile. (Dex +2) [Jiyva's grace]
 47394 | Depths:5 | Reached skill level 23 in Unarmed Combat
 47669 | Depths:5 | Lost mutation: You are agile. (Dex +2) [Jiyva's grace]
 47808 | Depths:5 | Gained mutation: You have a small jelly attached to you that senses nearby items. [Jiyva's grace]
 48055 | Depths:5 | Found a gate to the Realm of Zot.
 48164 | Depths:5 | Lost mutation: Your body is partially covered in golden eyeballs (Acc +3). [Jiyva's grace]
 48298 | Depths:5 | Gained mutation: You can spit weak poison. [Jiyva's grace]
 48409 | Depths:5 | Gained mutation: Your system is resistant to poisons. [Jiyva's grace]
 48634 | Depths:5 | Upgraded the game from 0.17-a0-435-gc4df345 to 0.17-a0-464-g85d6e2c
 49059 | Orc:4    | Bought the ring "Tus Woepiy" {+Fly rElec rC+ Int-2 Stlth+} for 635 gold pieces
 49075 | Orc:4    | Lost mutation: You have a pair of small antennae on your head. [Jiyva's grace]
 49405 | Snake:5  | Bought a scroll of enchant armour for 105 gold pieces
 49820 | Elf:1    | Entered Level 1 of the Elven Halls
 49926 | Elf:1    | Lost mutation: You can spit weak poison. [Jiyva's grace]
 49954 | Elf:1    | Gained mutation: You tend to lose your temper in combat. [Jiyva's grace]
 50027 | Elf:1    | Lost mutation: You tend to lose your temper in combat. [Jiyva's power]
 50188 | Elf:1    | Noticed Asterion
 50203 | Elf:1    | Killed Asterion
 50203 | Elf:1    | Reached XP level 23. HP: 208/208 MP: 22/22
 50341 | Elf:1    | Identified Joulaype's Collected Works on Summoning
 50379 | Elf:1    | Lost mutation: You have acidic saliva. [Jiyva's grace]
 50981 | Elf:2    | Found a runed gate.
 50985 | Elf:2    | Found a runed gate.
 50987 | Elf:2    | Found a runed gate.
 51085 | Elf:2    | Noticed Roxanne
 51106 | Elf:2    | Killed Roxanne
 51108 | Elf:2    | Identified Roxanne's Handbook of Shifting Stones (You took it off Roxanne on level 2 of the Elven Halls)
 51121 | Elf:2    | Reached skill level 24 in Unarmed Combat
 51149 | Elf:2    | Got a smoking broad axe
 51343 | Elf:2    | Gained mutation: You can breathe flames. [Jiyva's grace]
 51354 | Elf:2    | Gained mutation: Armour fits poorly on your pseudopods. [Jiyva's grace]
 51404 | Elf:2    | Gained mutation: You are partially covered in iridescent scales (AC +4). [Jiyva's grace]
 51539 | Elf:2    | Lost mutation: You are partially covered in iridescent scales (AC +4). [Jiyva's grace]
 51797 | Elf:3    | Entered Level 3 of the Elven Halls
 52231 | Elf:3    | Gained mutation: You are partially covered in thin metallic scales (AC +2). [Jiyva's grace]
 52389 | Elf:3    | Reached skill level 10 in Armour
 52585 | Elf:3    | Gained mutation: Your skin is partially translucent (Stealth, -foe acc). [Jiyva's grace]
 52597 | Elf:3    | Lost mutation: You have a beak for a mouth. [Jiyva's grace]
 52609 | Elf:3    | Lost mutation: You can breathe flames. [Jiyva's grace]
 52650 | Elf:3    | Got an opalescent robe
 52663 | Elf:3    | Identified a +3 rod of the swarm (11/11) (You found it on level 3 of the Elven Halls)
 52732 | Elf:3    | Got a slimy iron ring
 52733 | Elf:3    | Identified the ring "Uczaene" {SustAb +Blink rC- Dex+3 Stlth-} (You found it on level 3 of the Elven Halls)
 52820 | Elf:3    | Identified the +2 robe of Micuv {rElec rC+ Int-5} (You took it off a deep elf sorcerer on level 3 of the Elven Halls)
 52867 | Elf:3    | Identified the +4 broad axe of Bithriz {vamp, rPois MP+9} (You found it on level 2 of the Elven Halls)
 52869 | Elf:3    | Gained mutation: You possess an exceptional clarity of mind. [Jiyva's grace]
 52870 | Elf:3    | Got a fine dagger
 52871 | Elf:3    | Identified the +9 dagger "Xochul" {pain, rPois MR+} (You found it on level 3 of the Elven Halls)
 52876 | Elf:3    | Gained mutation: You are covered in slimy tendrils that may disarm your opponents. [Jiyva's grace]
 52882 | Elf:3    | Got an ancient war axe
 52883 | Elf:3    | Identified the +2 war axe of Leimoank {antimagic, rF+} (You found it on level 3 of the Elven Halls)
 52885 | Elf:3    | Identified a +5 rod of ignition (14/14) (You found it on level 3 of the Elven Halls)
 52911 | Elf:3    | Got an ancient rapier
 52915 | Elf:3    | Identified the +5 rapier "Tuxinitz" {venom, +Inv Str+2} (You found it on level 3 of the Elven Halls)
 52918 | Elf:3    | Got a slimy blowgun
 52919 | Elf:3    | Identified the +7 blowgun "Ysahang" {speed, +Blink rElec rC++ rN+} (You found it on level 3 of the Elven Halls)
 52923 | Elf:3    | Gained mutation: You have a small jelly attached to you that may absorb incoming projectiles. [Jiyva's grace]
 52934 | Elf:3    | Gained mutation: You are robust (+10% HP). [Jiyva's grace]
 53560 | Crypt:1  | Entered Level 1 of the Crypt
 53778 | Crypt:1  | Reached skill level 25 in Unarmed Combat
 53853 | Crypt:1  | Got a dazzling hand crossbow
 53858 | Crypt:1  | Identified the +8 hand crossbow "Footugo" {velocity, MP+9} (You found it on level 1 of the Crypt)
 54211 | Crypt:1  | Gained mutation: Your spells are a little harder to cast, but a little more powerful. [Jiyva's grace]
 54965 | Crypt:2  | Lost mutation: You have a small jelly attached to you that may absorb incoming projectiles. [Jiyva's grace]
 55154 | Crypt:2  | Reached XP level 24. HP: 241/241 MP: 22/22
 55194 | Crypt:3  | Entered Level 3 of the Crypt
 55281 | Crypt:3  | Found a staircase to the Tomb.
 56052 | Crypt:3  | Found a basalt altar of Yredelemnul.
 56054 | Crypt:3  | Found an ancient bone altar of Kikubaaqudgha.
 56121 | Crypt:3  | Gained mutation: You have a pair of small antennae on your head. [Jiyva's grace]
 56161 | Crypt:3  | Got a blackened dagger
 56162 | Crypt:3  | Identified the +10 dagger of the Pure Wonders {pierce, rN+ Dex+6} (You found it on level 3 of the Crypt)
 56172 | Crypt:3  | Lost mutation: Your spells are a little harder to cast, but a little more powerful. [Jiyva's grace]
 56260 | Crypt:3  | Reached skill level 26 in Unarmed Combat
 56277 | Crypt:3  | Got a fine halberd
 56288 | Crypt:3  | Identified the cursed +3 halberd "Orb Guardian's Death" {freeze, Int+3} (You found it on level 3 of the Crypt)
 56420 | Crypt:3  | Upgraded the game from 0.17-a0-464-g85d6e2c to 0.17-a0-469-g696e5a1
 56583 | Crypt:1  | Lost mutation: You have supernaturally acute eyesight. [Jiyva's grace]
 57001 | D:8      | Learned a level 4 spell: Control Teleport
 57005 | D:8      | Learned a level 3 spell: Regeneration
 57353 | Vaults:5 | Entered Level 5 of the Vaults
 57377 | Vaults:4 | Gained mutation: You are covered in thick fur (AC +2). [Jiyva's grace]
 57423 | Vaults:4 | Gained mutation: You can translocate small distances at will. [Jiyva's grace]
 57471 | Vaults:4 | Gained mutation: You are somewhat resistant to further mutation. [Jiyva's grace]
 57538 | Vaults:5 | Noticed hyperkellhus's ghost (great SpGl)
 57554 | Vaults:4 | Gained mutation: Your spells are a little harder to cast, but a little more powerful. [Jiyva's grace]
 57586 | Vaults:4 | Lost mutation: Your system is resistant to poisons. [Jiyva's grace]
 57886 | Vaults:5 | Gained mutation: You have a small jelly attached to you that may absorb incoming projectiles. [Jiyva's grace]
 58014 | Vaults:5 | Gained mutation: You can breathe flames. [Jiyva's grace]
 58041 | Vaults:5 | Lost mutation: You have a small jelly attached to you that senses nearby items. [Jiyva's grace]
 58056 | Vaults:5 | Lost mutation: You are somewhat resistant to further mutation. [Jiyva's grace]
 58056 | Vaults:5 | Gained mutation: You evolve. [Jiyva's grace]
 58064 | Vaults:5 | Lost mutation: Your skin is partially translucent (Stealth, -foe acc). [Jiyva's grace]
 58118 | Vaults:5 | Got a silver rune of Zot
 58145 | Vaults:5 | Gained mutation: You are resistant to hostile enchantments. [evolution]
 58375 | Vaults:5 | Lost mutation: Armour fits poorly on your pseudopods. [Jiyva's grace]
 58381 | Vaults:5 | Got an uncursed pitted spear {freeze}
 58400 | Vaults:5 | Reached XP level 25. HP: 249/249 MP: 22/22
 58404 | Vaults:5 | Found Nyton's Food Boutique.
 58406 | Vaults:5 | Identified the +4 spear "Sutrarae" {freeze, rElec rPois Str-5 SInv} (You found it on level 5 of the Vaults)
 58418 | Vaults:5 | Lost mutation: You evolve. [Jiyva's grace]
 58490 | Vaults:5 | Gained mutation: Your mind is acute. (Int +2) [Jiyva's grace]
 58583 | Vaults:5 | Lost mutation: You are resistant to hostile enchantments. [Jiyva's grace]
 58669 | Vaults:5 | Reached skill level 27 in Unarmed Combat
 58684 | Vaults:5 | Gained mutation: Armour fits poorly on your pseudopods. [Jiyva's grace]
 58733 | Vaults:5 | Gained mutation: Your muscles are strong. (Str +2) [Jiyva's grace]
 58983 | Vaults:5 | Gained mutation: You have acidic saliva. [Jiyva's grace]
 59014 | Vaults:5 | Got a faintly glowing bone ring
 59015 | Vaults:5 | Identified the ring of Intercession {+Inv Stlth+} (You took it off a yaktaur captain on level 5 of the Vaults)
 59241 | Vaults:5 | Cast into the Abyss (hyperkellhus's ghost)
 59653 | Abyss:3  | Gained mutation: You have sharp toenails. [Jiyva's grace]
 59854 | Abyss:3  | Found a corrupted altar of Lugonu.
 60034 | Abyss:3  | Got an abyssal rune of Zot
 60260 | Vaults:5 | Escaped the Abyss
 60520 | Vaults:5 | Identified Kosiwn's Disquisition on Boosts (You found it on level 5 of the Vaults)
 60528 | Vaults:5 | Lost mutation: You are partially covered in thin metallic scales (AC +2). [Jiyva's grace]
 60928 | D:8      | Upgraded the game from 0.17-a0-469-g696e5a1 to 0.17-a0-477-g451446c
 60941 | D:8      | Killed Prince Ribbit
 61194 | Depths:3 | Lost mutation: Your muscles are strong. (Str +2) [Jiyva's grace]
 61270 | Depths:4 | Lost mutation: You are covered in thick fur (AC +2). [mutagenic meat]
 61337 | Depths:5 | Lost mutation: You are covered in slimy tendrils that may disarm your opponents. [mutagenic meat]
 61373 | Zot:1    | Entered Level 1 of the Realm of Zot
 61373 | Zot:1    | Found a shimmering altar of Xom.
 61377 | Zot:1    | Found a radiant altar of Vehumet.
 61403 | Zot:1    | Found a bloodstained altar of Trog.
 61574 | Zot:2    | Reached skill level 15 in Armour
 61919 | Zot:2    | Gained mutation: Your body is partially covered in golden eyeballs (Acc +3). [Jiyva's grace]
 62327 | Zot:2    | Lost mutation: You can translocate small distances at will. [Jiyva's grace]
 62462 | Zot:3    | Noticed an orb of fire
 62466 | Zot:3    | Noticed an orb of fire
 62514 | Zot:3    | Killed an orb of fire
 62535 | Zot:3    | Killed an orb of fire
 62758 | Zot:3    | Noticed an orb of fire
 62774 | Zot:3    | Lost mutation: Your mind is acute. (Int +2) [Jiyva's grace]
 62785 | Zot:3    | Gained mutation: You tend to lose your temper in combat. [an orb of fire]
 62797 | Zot:3    | Killed an orb of fire
 62797 | Zot:3    | Reached XP level 26. HP: 136/266 MP: 18/22
 62851 | Zot:3    | Noticed an ancient lich
 62900 | Zot:3    | Killed an ancient lich
 63699 | Zot:4    | Reached skill level 15 in Fighting
 64208 | Zot:5    | Entered Level 5 of the Realm of Zot
 64617 | Zot:1    | Noticed an orb of fire
 64619 | Zot:1    | Gained mutation: You expend magic power (3 MP) to strengthen your wands. [an orb of fire]
 64651 | Zot:1    | Gained mutation: Your body is slowly deteriorating. [an orb of fire]
 64652 | Zot:1    | Killed an orb of fire
 64669 | Zot:1    | Lost mutation: Your body is slowly deteriorating. [Jiyva's power]
 64670 | Zot:1    | Lost mutation: You tend to lose your temper in combat. [Jiyva's power]
 65542 | Zot:1    | Lost mutation: You have a small jelly attached to you that may absorb incoming projectiles. [Jiyva's grace]
 65674 | Hell     | Entered the Vestibule of Hell
 65674 | Hell     | Noticed Geryon
 66043 | Depths:5 | Gained mutation: Your body is mostly covered in golden eyeballs (Acc +5). [Jiyva's grace]
 66266 | Hell     | Reached XP level 27. HP: 300/300 MP: 22/22
 66503 | Hell     | Killed Geryon
 67061 | Hell     | Found a gateway to the ashen valley of Gehenna.
 67136 | Hell     | Found a gateway to the Iron City of Dis.
 67216 | Hell     | Found a gateway to the freezing wastes of Cocytus.
 67310 | Hell     | Found a gateway to the decaying netherworld of Tartarus.
 67566 | Tar:1    | Entered Level 1 of Tartarus
 67737 | Tar:1    | Gained mutation: Your spells are harder to cast, but more powerful. [Jiyva's grace]
 68606 | Tar:1    | Lost mutation: You are robust (+10% HP). [Jiyva's grace]
 69350 | Zig:1    | Entered Level 1 of a ziggurat
 69371 | Zig:2    | Entered Level 2 of a ziggurat
 69412 | Zig:3    | Entered Level 3 of a ziggurat
 69445 | Zig:4    | Entered Level 4 of a ziggurat
 69502 | Zig:5    | Entered Level 5 of a ziggurat
 69555 | Zig:5    | Got a warped lapis lazuli ring
 69562 | Zig:5    | Identified the ring of the Enemy {rF++ Slay+3 SInv} (You found it on level 5 of a ziggurat)
 69661 | Zig:6    | Entered Level 6 of a ziggurat
 69691 | Zig:6    | Lost mutation: You expend magic power (3 MP) to strengthen your wands. [Jiyva's grace]
 69695 | Zig:7    | Entered Level 7 of a ziggurat
 69779 | Zig:7    | Got an ancient long sword
 69782 | Zig:7    | Identified the +4 long sword of Quzxer {distort, rPois rC+ MR- Int+8} (You found it on level 7 of a ziggurat)
 69800 | Zig:7    | Lost mutation: You can breathe flames. [Jiyva's grace]
 69812 | Zig:8    | Entered Level 8 of a ziggurat
 69835 | Zig:8    | Paralysed by accursed screaming for 2 turns
 69839 | Zig:8    | Paralysed by accursed screaming for 2 turns
 69864 | Zig:8    | Paralysed by accursed screaming for 2 turns
 69880 | Zig:8    | Paralysed by accursed screaming for 1 turns
 69928 | Zig:8    | Got a twisted great sword
 69938 | Zig:8    | Identified the cursed +3 great sword of Gallantry {slice, rF++ Str+3 Stlth-} (You found it on level 8 of a ziggurat)
 70105 | Zig:9    | Entered Level 9 of a ziggurat
 70180 | Zig:9    | Paralysed by a giant eyeball for 4 turns
 71053 | Depths:5 | Gained mutation: You are partially covered in rugged brown scales (AC +1, +3% HP). [mutagenic meat]
 71103 | Zot:1    | Gained mutation: Your mind is acute. (Int +2) [Jiyva's grace]
 71338 | Zot:5    | Noticed an ancient lich
 71348 | Zot:5    | Killed an ancient lich
 71364 | Zot:5    | Noticed an ancient lich
 71395 | Zot:5    | HP: 21/435 [poison (poison gas)]
 71398 | Zot:5    | HP: 8/435 [poison (poison gas)]
 71400 | Zot:5    | HP: 2/435 [poison (poison gas)]
 71401 | Zot:5    | Succumbed to poison (poison gas)

Action                   |  1- 3 |  4- 6 |  7- 9 | 10-12 | 13-15 | 16-18 | 19-21 | 22-24 | 25-27 || total
-------------------------+-------+-------+-------+-------+-------+-------+-------+-------+-------++-------
Melee: Unarmed           |    62 |   167 |   376 |   653 |  1845 |  2423 |  2538 |  2545 |  2658 || 13267
Throw: Tomahawk          |       |       |     4 |     4 |       |       |       |       |       ||     8
       Throwing net      |       |       |     1 |     4 |     3 |       |       |       |       ||     8
       Large rock        |       |       |       |       |    13 |     5 |     1 |       |     1 ||    20
       Javelin           |       |       |       |       |     1 |       |       |       |       ||     1
 Cast: Apportation       |       |       |       |       |     4 |    21 |    10 |     3 |     2 ||    40
Invok: Request Jelly     |       |     1 |     1 |     6 |       |     1 |       |       |       ||     9
       Slimify           |       |       |     2 |     1 |     5 |     1 |     2 |       |       ||    11
       Jelly Paralyse    |       |       |       |     3 |    25 |       |       |     2 |     1 ||    31
       Cure Bad Mutation |       |       |       |       |       |     2 |     3 |     1 |     2 ||     8
 Abil: Blink             |       |       |       |       |       |     6 |       |       |       ||     6
       Breathe Fire      |       |       |       |       |       |     2 |       |       |       ||     2
Evoke: Wand              |       |       |       |     2 |     3 |     8 |     2 |     5 |     2 ||    22
       Lamp of fire      |       |       |       |     1 |     2 |     1 |       |       |       ||     4
  Use: Potion            |       |     1 |     2 |     5 |     4 |    12 |     6 |     1 |    17 ||    48
       Scroll            |       |     2 |    10 |     7 |    17 |    23 |     7 |    21 |    18 ||   105
 Stab: Sleeping          |       |     1 |     4 |    10 |    24 |    23 |    13 |    21 |     2 ||    98
       Distracted        |       |       |     1 |     3 |     5 |     7 |    10 |     9 |    10 ||    45
       Held in net/web   |       |       |     1 |     1 |     1 |       |       |       |       ||     3
       Confused          |       |       |       |       |       |     1 |    19 |     9 |    40 ||    69
  Eat: Chunk             |     8 |    21 |     6 |     3 |    42 |    32 |    47 |       |    16 ||   175
       Bread ration      |       |       |       |     3 |     3 |     1 |       |     1 |     5 ||    13
       Fruit             |       |       |       |     1 |     1 |       |       |       |       ||     2
       Pizza             |       |       |       |       |     2 |       |       |       |       ||     2
       Meat ration       |       |       |       |       |       |     2 |     3 |     2 |     6 ||    13
       Royal jelly       |       |       |       |       |       |     1 |       |     1 |     1 ||     3
       Beef jerky        |       |       |       |       |       |       |       |     2 |     3 ||     5
